 Dungeon Crawl Stone Soup version 0.30.1-11-g7821555f0a (webtiles) character file.

Game seed: 10038312984263868705

156 lonewolfV2 the Trooper (level 5, -7/44 HPs)
             Began as a Formicid Fighter on Nov 15, 2023.
             Mangled by Menkaure (19 damage)
             ... on level 4 of the Dungeon.
             The game lasted 00:02:53 (2582 turns).

lonewolfV2 the Trooper (Formicid Fighter)           Turns: 2582, Time: 00:02:54

Health: -7/44      AC:  6    Str: 21    XL:     5   Next: 64%
Magic:  5/5        EV:  9    Int:  7    God:
Gold:   171        SH:  5    Dex: 15    Spells: 4/4 levels left

rFire   . . .        a - +0 war axe (venom)
rCold   . . .        c - +0 buckler
rNeg    . . .        b - +0 scale mail
rPois   .            (helmet unavailable)
rElec   .            (no cloak)
rCorr   +            (no gloves)
SInv    +            (no boots)
Will    .....        (no amulet) Stlth
                     e - ring of resist corrosion
HPRegen 0.27/turn    (no ring)
MPRegen 0.09/turn

%: no passive effects
@: no status effects
A: permanent stasis, dig shafts and tunnels, antennae 3, four strong arms
a: Dig, Shaft Self


You were on level 4 of the Dungeon.
You visited 1 branch of the dungeon, and saw 4 of its levels.

You collected 171 gold pieces.

Inventory:

Hand Weapons
 a - a +0 war axe of venom (weapon)
Armour
 b - a +0 scale mail (worn)
 c - a +0 buckler (worn)
Jewellery
 e - a ring of resist corrosion (left hand)
 i - a +4 ring of slaying
Scrolls
 g - a scroll of magic mapping
 h - 2 scrolls of noise
Potions
 d - a potion of might
 l - 2 potions of curing
 m - a potion of ambrosia


   Skills:
 + Level 5.0 Fighting
 * Level 4.1 Axes
 - Level 3.2 Armour
 - Level 4.0 Shields


You had 4 spell levels left.
You didn't know any spells.
Your spell library was empty.

Dungeon Overview and Level Annotations

Branches:
Dungeon (4/15)
 Temple: D:4-7

Altars:

Annotations:
D:4 Menkaure


Innate Abilities, Weirdness & Mutations

You cannot be hasted, slowed, berserked, paralysed or teleported.
You can dig through walls and to a lower floor.
You have a pair of large antennae on your head. (SInv)
Your four strong arms can wield two-handed weapons with a shield.


Message History

There is a stone staircase leading up here.
You sense a monster nearby.
Could not explore, unopened door.
Could not explore, unopened door.
You open the door.
There is an open door here.
Key pressed, stopping explore.
Menkaure, Prince of Dust comes into view.
Menkaure shouts!
Menkaure is nearby!
Menkaure is nearby!
Menkaure mumbles in an indecipherable tongue.
You hit Menkaure.
Menkaure is lightly damaged.
Menkaure gestures wildly while chanting.
Menkaure seems to speed up.
You slash Menkaure!
Menkaure is severely damaged.
Menkaure completely misses you.
You closely miss Menkaure.
Menkaure is severely damaged.
You block Menkaure's attack. Menkaure barely misses you.
You hit Menkaure but do no damage.
Menkaure is severely damaged.
Menkaure calls on the powers of darkness!
Your body is wracked with pain!
Menkaure hits you.
You barely miss Menkaure.
Menkaure is severely damaged.
You block Menkaure's attack.
You barely miss Menkaure.
Menkaure is severely damaged.
You block Menkaure's attack. Menkaure hits you but does no damage.
You slash Menkaure!
Menkaure is almost destroyed.
Menkaure hits you!
* * * LOW HITPOINT WARNING * * *
You barely miss Menkaure.
Menkaure is almost destroyed.
Menkaure hits you!!
You die...

#<....# #####.#
###.####
#######......#
#.....'......+
#.#####......# #
#.# #......#
#.#.############
#......@M......
###.###########
#.# #.# #.. {
###


You could see Menkaure (fast).

Vanquished Creatures
  An orc wizard (D:3)
  6 adders
  A worm (D:3)
  A dart slug (D:1)
  7 orcs (D:3)
  3 endoplasms (D:3)
  2 giant cockroaches (D:1)
  2 hobgoblins (D:2)
  2 jackals (D:3)
  9 kobolds
  2 quokkas (D:1)
  9 ball pythons
  6 bats
  3 frilled lizards
  7 goblins
  7 rats
68 creatures vanquished.

Notes
Turn   | Place    | Note
-------+----------+-------------------------------------------
     0 | D:1      | lonewolfV2 the Formicid Fighter began the quest for the
                  | Orb.
     0 | D:1      | Reached XP level 1. HP: 18/18 MP: 1/1
   180 | D:1      | Reached XP level 2. HP: 24/24 MP: 2/2
   483 | D:1      | Reached XP level 3. HP: 30/30 MP: 3/3
   521 | D:1      | Reached skill level 4 in Fighting
  1017 | D:2      | Reached XP level 4. HP: 11/37 MP: 4/4
  1762 | D:3      | Reached XP level 5. HP: 43/43 MP: 5/5
  2195 | D:3      | Reached skill level 5 in Fighting
  2571 | D:4      | Noticed Menkaure
  2582 | D:4      | Mangled by Menkaure

Illustrated notes

Levels and vault maps discovered:
D:1:      wheals_arrival_linesprint, layout_loops_ring, minmay_strange_pillars,
          serial_bayou_pond_e, minmay_misc_feat_roman
D:2:      layout_rooms
D:3:      layout_basic
D:4:      layout_basic, lemuel_tele_altar, nicolae_overflow_hidden_temple,
          serial_shops, nicolae_shop_back_alley_shop, uniq_menkaure

Skill      XL: |  1  2  3  4  5 |
---------------+----------------+-----
Fighting       | 4 5 |  5.0
Axes           | 3 4 |  4.1
Armour         | |  3.2
Shields        | |  4.0

Action                     |  1- 3 |  4- 6 || total
---------------------------+-------+-------++-------
  Melee: War axe           |    81 |    96 ||   177
    Use: Scroll            |     4 |     6 ||    10
 Armour: Scale mail        |    50 |    71 ||   121
  Dodge: Dodged            |    52 |    60 ||   112
  Block: Buckler           |    28 |    45 ||    73
